 Dungeon Crawl Stone Soup version 0.26-a0-649-gf8c6c3aab7 (webtiles) character file.

Game seed: 5913797246466328089

19 DogServant the Skirmisher (level 2, 27/27 HPs)
             Began as a Palentonga Fighter on Sept 27, 2020.
             Quit the game on level 1 of the Dungeon.
             The game lasted 00:02:48 (252 turns).

DogServant the Skirmisher (Palentonga Fighter)       Turns: 252, Time: 00:02:49

Health: 27/27      AC:  6    Str: 19    XL:     2   Next: 55%
Magic:  2/2        EV:  5    Int:  8    God:
Gold:   25         SH:  8    Dex:  9    Spells: 1/1 levels left

rFire    . . .     SeeInvis +   a - +0 flail
rCold    . . .     Faith    .   c - +0 kite shield
rNeg     . . .     Spirit   .   b - +0 scale mail
rPois    .         Reflect  .   (no helmet)
rElec    .         Harm     .   (no cloak)
rCorr    .         Rampage  .   (no gloves)
MR       .....                  (no barding)
Stlth    ..........             (no amulet)
HPRegen  0.09/turn              (no ring)
MPRegen  0.08/turn              (no ring)

@: no status effects
A: large, rugged brown scales 3, see invisible, deformed body, roll, armoured
tail
a: Rolling Charge


You were on level 1 of the Dungeon.
You visited 1 branch of the dungeon, and saw 1 of its levels.

You collected 25 gold pieces.

Inventory:

Hand Weapons
 a - a +0 flail (weapon)
Armour
 b - a +0 scale mail (worn)
 c - a +0 kite shield (worn)
Scrolls
 e - a scroll of noise {unknown}
 f - a scroll of teleportation {unknown}
Potions
 d - a potion of might
 g - a potion of ambrosia {unknown}


   Skills:
 + Level 3.3 Fighting
 + Level 2.4 Maces & Flails
 - Level 2.5 Armour
 - Level 2.5 Shields


You had one spell level left.
You didn't know any spells.
Your spell library was empty.

Dungeon Overview and Level Annotations

Branches:
Dungeon (1/15)

Altars:


Innate Abilities, Weirdness & Mutations

You are completely covered in rugged brown scales. (AC +3, +7% HP)
You have supernaturally acute eyesight. (SInv)
Armour fits poorly on your strangely shaped body.
You can roll at foes to attack.
You have a long armoured tail.


Message History

You see here 2 stones.
You now have 25 gold pieces (gained 1).
Found 27 sling bullets.
You see here a ring mail.
A kobold comes into view.
The kobold shouts!
A kobold is nearby!
Okay, then.
Roll where?
Press: ? - help, Dir - move target cursor, f - kobold
Aim: a kobold You roll forward with a clatter of scales!
Your scale mail prevents you from hitting the kobold.
You tail-slap the kobold.
You kill the kobold!
Autopickup is now off.
Autopickup is now on.
Quiver which item? (- for none, * to show all) (? for menu, Esc to quit)
Okay, then.
Are you sure you want to abandon this character and quit the game? (Confirm with "yes".)

................
###....(###.###.
#######....†#.......
#.....###+#†###.....
#.....###.#.###.##..
#.....#....((.......
+.....#.#.#(###.##..
#.....#.#.#.# #.....
#..@..#.#.#.####....
#...○.#.#.#>[.......
#.?.○.#..........#>.
###..°......####....
#............. ...
+...(........# .
#............#
#####..##......
.......#.#.#


There were no monsters in sight!

Vanquished Creatures
  A dart slug (D:1)
  3 goblins (D:1)
  2 hobgoblins (D:1)
  3 kobolds (D:1)
  3 bats (D:1)
  A frilled lizard (D:1)
  3 rats (D:1)
16 creatures vanquished.

Notes
Turn   | Place    | Note
-------+----------+-------------------------------------------
     0 | D:1      | DogServant the Palentonga Fighter began the quest for the
                  | Orb.
     0 | D:1      | Reached XP level 1. HP: 20/20 MP: 1/1
    83 | D:1      | Reached XP level 2. HP: 27/27 MP: 2/2
   252 | D:1      | Quit the game

Illustrated notes

Levels and vault maps discovered:
D:1:      psy_arrival_basics, layout_basic

Action                   || total
-------------------------++-------
Melee: Flail             ||    40
       Tailslap          ||     2
 Abil: Rolling Charge    ||     4
Armor: Scale mail        ||    34
Dodge: Dodged            ||     6
Block: Kite shield       ||    32

Table legend: (Time is in decaauts)
 A = Elapsed time spent in this place.
 B = Non-inter-level travel time spent in this place.
 C = Inter-level travel time spent in this place.
 D = Time resting spent in this place.
 E = Time spent auto-exploring this place.
 F = Levels seen in this place.
 G = Mean time per level.
                   A        B        C        D        E       F      G
               +--------+--------+--------+--------+--------+-----+--------+
         Total |    265 |    265 |      0 |      0 |    157 |   1 |  265.0 |
       Dungeon |    265 |    265 |      0 |      0 |    157 |   1 |  265.0 |
               +--------+--------+--------+--------+--------+-----+--------+

Top non-repeatable levels by time:
     D:1: 265 daAuts
